 Dungeon Crawl Stone Soup version 0.30-a0-845-g7c6808c8ce (webtiles) character file.

Game seed: 2457308098960037161

733 bmack86 the Chopper (level 7, -3/61 HPs)
             Began as a Minotaur Fighter on Mar 3, 2023.
             Slain by a black bear (4 damage)
             ... on level 5 of the Dungeon.
             The game lasted 00:10:11 (3049 turns).

bmack86 the Chopper (Minotaur Fighter)              Turns: 3049, Time: 00:10:12

Health: -3/61      AC: 13    Str: 22    XL:     7   Next: 45%
Magic:  6/6        EV:  7    Int: 11    God:
Gold:   287        SH:  5    Dex: 10    Spells: 6/6 levels left

rFire   . . .      SeeInvis .    a - +0 war axe
rCold   . . .      Faith    .    c - +0 buckler
rNeg    . . .      Spirit   .    n - +0 chain mail
rPois   .          Reflect  .    j - +2 hat
rElec   .          Rampage  .    s - +0 cloak
rCorr   .                        (no gloves)
Will    +....                    (no boots) Stlth
                                 (no amulet)
HPRegen 0.30/turn                i - ring of willpower
MPRegen 0.10/turn                t - +6 ring of intelligence

@: mighty, lethally poisoned (-3 -> -6)
A: horns 2, retaliatory headbutt
a: no special abilities


You were on level 5 of the Dungeon.
You visited 1 branch of the dungeon, and saw 5 of its levels.

You collected 287 gold pieces.

Inventory:

Hand Weapons
 a - a +0 war axe (weapon)
Missiles
 k - 6 curare-tipped darts
 r - 6 boomerangs (quivered)
 u - 11 poisoned darts
Armour
 b - a +0 scale mail
 c - a +0 buckler (worn)
 j - a +2 hat (worn)
 n - a +0 chain mail (worn)
 s - a +0 cloak (worn)
Jewellery
 i - a ring of willpower (left hand)
 t - a +6 ring of intelligence (right hand)
 x - a +6 ring of intelligence
 B - a ring of positive energy
Wands
 A - a wand of iceblast (7)
 E - a wand of charming (10)
Scrolls
 e - a scroll of vulnerability
 f - a scroll of silence
 g - 2 scrolls of magic mapping
 l - a scroll of enchant armour {unknown}
 v - a scroll of acquirement {unknown}
 y - 2 scrolls of teleportation {unknown}
 C - a scroll of identify
Potions
 d - a potion of might
 h - 2 potions of magic {unknown}
 m - 2 potions of curing {unknown}
 o - a potion of attraction {unknown}
 p - a potion of flight {unknown}
 q - a potion of heal wounds {unknown}
 w - 3 potions of brilliance {unknown}
 z - a potion of ambrosia {unknown}
 D - a potion of mutation {unknown}
 F - a potion of resistance {unknown}


   Skills:
 + Level 5.4 Fighting
 * Level 6.2 Axes
 + Level 2.9 Throwing
 + Level 5.4 Armour
 + Level 5.4 Shields


You had 6 spell levels left.
You didn't know any spells.
Your spell library was empty.

Dungeon Overview and Level Annotations

Branches:
Dungeon (5/15)
 Temple: D:4-7

Altars:

Annotations:
D:4 2 transporters


Innate Abilities, Weirdness & Mutations

You have a pair of horns on your head.
You reflexively headbutt those who attack you in melee.


Message History

The adder bites you but does no damage. The black bear bites you.
The black bear claws you but does no damage.
You block the black bear's attack.
You hit the ogre.
The ogre is lightly wounded.
You hit the black bear. You hit the adder.
You feel sick. The adder bites you but does no damage.
The ogre completely misses you. You furiously retaliate!
You headbutt the ogre. You block the black bear's attack.
The black bear closely misses you.
The black bear claws you but does no damage.
You closely miss the ogre.
The ogre is moderately wounded.
You barely miss the black bear. You slash the adder!
You kill the adder!
You feel sick.
The black bear bites you but does no damage.
The black bear claws you. The black bear barely misses you.
The ogre hits you with a +0 giant club!
You barely miss the ogre.
The ogre is moderately wounded.
You closely miss the adder. You hit the black bear.
You feel sick.
The black bear bites you but does no damage.
The black bear claws you but does no damage. x2
The adder bites you.
You feel very mighty all of a sudden.
You feel sick. The adder bites you.
You are more poisoned.
The adder poisons you!
The ogre hits you with a +0 giant club!!
* * * LOW HITPOINT WARNING * * *
The black bear barely misses you. The black bear claws you.
* * * LOW HITPOINT WARNING * * *
The black bear barely misses you. The adder barely misses you.
You furiously retaliate!
You headbutt the adder! You barely miss the ogre. You headbutt the ogre!
The ogre is severely wounded.
You miss the adder. You barely miss the black bear.
* * * LOW HITPOINT WARNING * * *
You feel sick. The black bear barely misses you. The black bear claws you.
You die...

### .......#
.. .......##
.h ...=....#
.##........
..........
##..)#....
#.#.†S..#.#
#...@O....+
#....h.##.###
#...##.# #
..#. ... . #
>#.. .....#
.. #..+ #..
.###


You could see a black bear, an ogre and an adder.

Vanquished Creatures
  Sigmund (D:4)
  Menkaure (D:4)
  A scorpion (D:4)
  A hound (D:5)
  Crazy Yiuf (D:2)
  2 sleepcaps (D:4)
  Ijyb (D:3)
  2 iguanas
  An orc wizard (D:4)
  6 adders
  2 worms
  5 dart slugs
  9 orcs (D:3)
  6 ball pythons
  5 endoplasms
  5 giant cockroaches
  5 goblins
  10 hobgoblins
  12 kobolds
  4 quokkas
  4 bats
  3 frilled lizards
  7 rats
94 creatures vanquished.

Vanquished Creatures (others)
  6 plants (D:3)
6 creatures vanquished.

Grand Total: 100 creatures vanquished

Notes
Turn   | Place    | Note
-------+----------+-------------------------------------------
     0 | D:1      | bmack86 the Minotaur Fighter began the quest for the Orb.
     0 | D:1      | Reached XP level 1. HP: 19/19 MP: 0/0
   120 | D:1      | Reached XP level 2. HP: 27/27 MP: 1/1
   126 | D:1      | Reached skill level 3 in Axes
   699 | D:2      | Reached XP level 3. HP: 33/33 MP: 2/2
  1248 | D:2      | Found a runed translucent door.
  1249 | D:2      | Noticed Crazy Yiuf
  1257 | D:2      | Killed Crazy Yiuf
  1258 | D:2      | Reached XP level 4. HP: 5/40 MP: 0/3
  1582 | D:3      | Reached skill level 1 in Throwing
  1597 | D:3      | Reached skill level 4 in Axes
  1919 | D:3      | Reached XP level 5. HP: 45/45 MP: 4/4
  2284 | D:4      | Noticed Ijyb
  2432 | D:3      | Killed Ijyb
  2497 | D:4      | Reached XP level 6. HP: 44/53 MP: 5/5
  2533 | D:4      | Reached skill level 5 in Axes
  2605 | D:4      | Noticed Sigmund
  2621 | D:4      | Killed Sigmund
  2622 | D:4      | Reached skill level 5 in Fighting
  2622 | D:4      | Reached skill level 5 in Armour
  2622 | D:4      | Reached skill level 5 in Shields
  2622 | D:4      | Reached XP level 7. HP: 61/61 MP: 6/6
  2630 | D:4      | Found a transporter.
  2635 | D:4      | Found a transporter.
  2734 | D:4      | Noticed Menkaure
  2742 | D:4      | Killed Menkaure
  2743 | D:4      | Reached skill level 6 in Axes
  3038 | D:5      | Entered Level 5 of the Dungeon
  3048 | D:5      | HP: 3/61 [black bear (1)]
  3049 | D:5      | HP: 1/61 [poisoned by an adder]
  3049 | D:5      | Slain by a black bear

Illustrated notes

Levels and vault maps discovered:
D:1:      nicolae_arrival_somewhat_less_tricky_arrival, layout_rooms
D:2:      layout_loops_cross, uniq_crazy_yiuf_cottage
D:3:      corexii_shack_village, layout_basic
D:4:      layout_rooms, gammafunk_ghost_abyssal_escape, uniq_ijyb,
          uniq_menkaure, uniq_sigmund
D:5:      nicolae_cairo_tiling_large, layout_layer_cave,
          ashenzari_conservatory_becter, mainiacjoe_overflow_catwalk,
          temple_green

Skill      XL: |  1  2  3  4  5  6  7 |
---------------+----------------------+-----
Axes           | 3 4 5 6 |  6.2
Armour         | 4 5 |  5.4
Shields        | 4 5 |  5.4
Fighting       | 4 5 |  5.4
Throwing       | 1 2 |  2.9

Action                     |  1- 3 |  4- 6 |  7- 9 || total
---------------------------+-------+-------+-------++-------
  Melee: War axe           |    79 |   114 |    27 ||   220
         Headbutt          |     9 |    13 |     4 ||    26
  Throw: Boomerang         |       |    14 |       ||    14
    Use: Scroll            |     3 |       |       ||     3
         Potion            |       |       |     1 ||     1
 Armour: Scale mail        |    22 |       |       ||    22
         Chain mail        |    29 |    89 |    25 ||   143
  Dodge: Dodged            |    38 |    45 |    14 ||    97
  Block: Buckler           |    18 |    28 |     9 ||    55

Table legend: (Time is in decaauts)
 A = Elapsed time spent in this place.
 B = Non-inter-level travel time spent in this place.
 C = Inter-level travel time spent in this place.
 D = Time resting spent in this place.
 E = Time spent auto-exploring this place.
 F = Levels seen in this place.
 G = Mean time per level.
                   A        B        C        D        E       F      G
               +--------+--------+--------+--------+--------+-----+--------+
         Total |   3125 |   3046 |     79 |    173 |   1725 |   5 |  625.0 |
       Dungeon |   3125 |   3046 |     79 |    173 |   1725 |   5 |  625.0 |
               +--------+--------+--------+--------+--------+-----+--------+

Top non-repeatable levels by time:
     D:3: 997 daAuts
     D:2: 963 daAuts
     D:4: 577 daAuts
     D:1: 573 daAuts
     D:5: 12 daAuts
